 Dungeon Crawl Stone Soup version 0.18-a0-1413-g4eaa9ac (webtiles) character file.

408 M4edhros the Insei (level 6, 0/38 HPs)
             Began as an Octopode Artificer on Feb 25, 2016.
             Was a Follower of Fedhas.
             Succumbed to yogakurto's ghost's poison
             ... on level 4 of the Dungeon.
             The game lasted 00:05:47 (3636 turns).

M4edhros the Insei (Octopode Artificer)             Turns: 3636, Time: 00:05:48

Health: 0/38       AC:  1    Str: 14    XL:     6   Next: 88%
Magic:  8/8        EV: 14    Int: 20    God:    Fedhas [*.....]
Gold:   159        SH:  4    Dex: 14    Spells: 0 memorised, 5 levels left

rFire  . . .     SeeInvis .     h - +4 hand axe of Eternal Harmony {drain, Str+3 Int+4}
rCold  . . .     Gourm    .     (no shield)
rNeg   . . .     Faith    .     (helmet restricted)
rPois  .         Spirit   .     a - +4 amulet of reflection
rElec  .         Dismiss  .     g - +2 ring of evasion
rCorr  .         Reflect  +     q - +2 ring of dexterity
SustAt .         Harm     .     (no ring)
MR     .....                    (no ring)
Stlth  +.........               (no ring)
                                (no ring)
                                (no ring)
                                (no ring)

@: lethally poisoned (0 -> -9), glowing, not resistant to hostile enchantments,
very unstealthy
A: almost no armour, amphibious, 8 rings, constrict 8, camouflage 1, gelatinous
body 1
a: Evolution, Renounce Religion


You were on level 4 of the Dungeon.
You worshipped Fedhas.
Fedhas was aware of your devotion.
You were not hungry.

You visited 1 branch of the dungeon, and saw 4 of its levels.

You collected 159 gold pieces.

Inventory:

Hand Weapons
 h - the +4 hand axe of Eternal Harmony (weapon) {drain, Str+3 Int+4}
   (You found it on level 4 of the Dungeon)

   A truly terrible weapon, it drains the life of those it strikes.
   It affects your strength (+3).
   It affects your intelligence (+4).
 o - a +0 hunting sling
Missiles
 j - 16 sling bullets
 m - 144 stones (quivered)
Jewellery
 a - a +4 amulet of reflection (around mantle)
 g - a +2 ring of evasion (left tentacle)
 q - a +2 ring of dexterity (right tentacle)
Wands
 b - a wand of flame (12/48)
 c - a wand of enslavement (12/24)
 d - a wand of random effects (12/48)
Scrolls
 e - 2 scrolls of blinking {unknown}
 i - 2 scrolls of teleportation {unknown}
 p - 3 scrolls of identify {unknown}
 r - a scroll of immolation {unknown}
 s - a scroll of magic mapping {unknown}
 t - a scroll of recharging {unknown}
Comestibles
 f - 2 bread rations


   Skills:
 - Level 1.0 Fighting
   Level 1.0 Short Blades
 + Level 2.0 Slings
 + Level 2.0 Dodging
 - Level 1.3 Stealth
 + Level 6.2 Unarmed Combat
 + Level 0.4 Invocations
 - Level 3.2 Evocations


You had 5 spell levels left.
You didn't know any spells.

Dungeon Overview and Level Annotations

Branches:
Dungeon (4/15)
 Temple: D:4-7

Altars:
Ashenzari
Fedhas
Gozag
Trog
Vehumet
Zin

Shops:
D:4 *

Annotations:
D:4 yogakurto's ghost, amateur DsEn


Innate Abilities, Weirdness & Mutations

You cannot wear most types of armour.
You are amphibious.
You can wear up to eight rings at the same time.
You can use your tentacles to constrict eight enemies at once.
Your skin changes colour to match your surroundings (Stealth).
Your rubbery body absorbs attacks (AC +1).


Message History

Wait here!
* * * LOW HITPOINT WARNING * * *
You feel sick.
* * * LOW HITPOINT WARNING * * *
You feel sick.
* * * LOW HITPOINT WARNING * * *
You feel sick.
* * * LOW HITPOINT WARNING * * *
You feel sick.
* * * LOW HITPOINT WARNING * * *
You feel sick.
* * * LOW HITPOINT WARNING * * *
You feel sick.
* * * LOW HITPOINT WARNING * * *
You feel sick.
* * * LOW HITPOINT WARNING * * *
You feel sick.
Unknown command.
You die...
Fedhas appreciates your contribution to the ecosystem.

#.. . #.. . #.. ..#
#.. ...# +# #.. ...#
.. . #.. #..# ..
....#..###+##..# ..
....'..@.......# ..
....#..##......#....#
.. . ##'
#......#....# .. #..
#####..#....##
#..##.. #..#.....#
#...... #..##....#
#.. #.)##W.##....#
### #...)..f.....#
#..##..÷.)÷).#


There were no monsters in sight!

Vanquished Creatures
  The ghost of M4edhros the Charlatan, an amateur OpAr (D:3)
  Blork the orc (D:4)
  Terence (D:3)
  An iguana (D:3)
  2 worker ants (D:4)
  2 gnolls (D:3)
  4 adders
  A howler monkey skeleton (D:4)
  An ooze (D:3)
  5 worms
  A dart slug (D:1)
  2 giant geckos
  2 ball pythons
  9 bats
  4 giant cockroaches
  18 goblins
  5 hobgoblins
  3 jackals (D:4)
  2 giant newts
  9 kobolds
  10 rats
84 creatures vanquished.

Vanquished Creatures (collateral kills)
  Robin (D:4)
  3 goblins (D:4)
  A hobgoblin (D:4)
5 creatures vanquished.

Vanquished Creatures (others)
  35 toadstools
35 creatures vanquished.

Grand Total: 124 creatures vanquished

Notes
Turn   | Place    | Note
--------------------------------------------------------------
     0 | D:1      | M4edhros the Octopode Artificer began the quest for the Orb.
     0 | D:1      | Reached XP level 1. HP: 13/13 MP: 3/3
    31 | D:1      | Reached skill level 1 in Unarmed Combat
   304 | D:1      | Reached XP level 2. HP: 18/18 MP: 4/4
   450 | D:1      | Reached skill level 2 in Unarmed Combat
   624 | D:1      | Reached XP level 3. HP: 17/23 MP: 5/5
   955 | D:3      | Reached skill level 3 in Unarmed Combat
  1260 | D:3      | Reached XP level 4. HP: 18/28 MP: 6/6
  1762 | D:2      | Reached skill level 4 in Unarmed Combat
  1915 | D:2      | Found a blossoming altar of Fedhas.
  1923 | D:2      | Found a glowing silver altar of Zin.
  2016 | D:2      | Became a worshipper of Fedhas Madash
  2475 | D:3      | Found a radiant altar of Vehumet.
  2555 | D:3      | Found a shattered altar of Ashenzari.
  2561 | D:3      | Reached XP level 5. HP: 33/33 MP: 7/7
  2566 | D:3      | Noticed M4edhros's ghost (amateur OpAr)
  2674 | D:3      | Killed M4edhros's ghost
  2674 | D:3      | Reached skill level 5 in Unarmed Combat
  2812 | D:3      | Noticed Terence
  2824 | D:3      | Killed Terence
  2940 | D:3      | Gained mutation: You are resistant to electric shocks. [potion of beneficial mutation]
  2987 | D:3      | Reached XP level 6. HP: 31/38 MP: 8/8
  3182 | D:4      | Found Gozag's Platinum Reserve.
  3183 | D:4      | Found an opulent altar of Gozag.
  3215 | D:3      | Reached skill level 1 in Slings
  3259 | D:4      | Found a bloodstained altar of Trog.
  3259 | D:4      | Noticed a moth of wrath
  3263 | D:4      | Got a fine hand axe
  3266 | D:4      | Identified the +4 hand axe of Eternal Harmony {drain, Str+3 Int+4} (You found it on level 4 of the Dungeon)
  3296 | D:4      | Noticed Blork the orc
  3301 | D:4      | Killed Blork the orc
  3301 | D:4      | Reached skill level 6 in Unarmed Combat
  3303 | D:4      | Reached * piety under Fedhas
  3468 | D:4      | Noticed Robin
  3491 | D:4      | Killed Robin
  3607 | D:4      | Noticed yogakurto's ghost (amateur DsEn)
  3619 | D:4      | Lost mutation: You are resistant to electric shocks. [potion of cure mutation]
  3634 | D:4      | HP: 1/38 [poisoned by yogakurto's ghost]
  3636 | D:4      | Succumbed to yogakurto's ghost's poison

Vault maps used:
D:1:      eino_arrival_tree_alley
D:2:      lemuel_upstairs_altar, minitemple
D:3:      cheibrodos_ashenzari_chains, vehumet_crystals,
          minmay_misc_feat_nine_boxes, minmay_goblin_outpost, uniq_terence
D:4:      nicolae_gozag_zags_fifth_avenue, tgw_trog, temple_doors_b, uniq_robin,
          uniq_blork_the_orc

Skill      XL: |  1  2  3  4  5  6 |
---------------+-------------------+-----
Unarmed Combat | 1 2 3 4 5 6 |  6.2
Slings         | 2 |  2.0
Fighting       | |  1.0
Short Blades   | |  1.0
Dodging        | |  2.0
Stealth        | |  1.3
Invocations    | |  0.4
Evocations     | |  3.2

Action                   |  1- 3 |  4- 6 || total
-------------------------+-------+-------++-------
Melee: Unarmed           |   100 |    63 ||   163
       Hand axe          |       |    23 ||    23
 Fire: Hunting sling     |       |     3 ||     3
Invok: Evolution         |       |     1 ||     1
Evoke: Wand              |     2 |     7 ||     9
  Use: Potion            |     1 |     6 ||     7
 Stab: Sleeping          |     6 |     7 ||    13
       Distracted        |     1 |       ||     1
       Invisible         |       |     1 ||     1
  Eat: Chunk             |     1 |       ||     1
       Meat ration       |       |     1 ||     1
       Bread ration      |       |     1 ||     1
